 Dungeon Crawl Stone Soup version 0.23-a0-577-g2b1de944cd (webtiles) character file.

27 Manul the Sneak (level 2, -7/22 HPs)
             Began as a Demonspawn Assassin on Dec 14, 2018.
             Mangled by Natasha (10 damage)
             ... on level 2 of the Dungeon.
             The game lasted 00:01:45 (1098 turns).

Manul the Sneak (Demonspawn Assassin)               Turns: 1098, Time: 00:01:46

Health: -7/22      AC:  0    Str: 11    XL:     2   Next: 93%
Magic:  2/2        EV: 18    Int: 12    God:
Gold:   63         SH:  0    Dex: 19    Spells: 1/1 levels left

rFire    . . .     SeeInvis .   (weapon currently unavailable)
rCold    . . .     Gourm    .   (shield currently unavailable)
rNeg     . . .     Faith    .   (armour currently unavailable)
rPois    .         Spirit   .   (helmet currently unavailable)
rElec    .         Reflect  .   (cloak currently unavailable)
rCorr    .         Harm     .   (gloves currently unavailable)
MR       .....                  (boots currently unavailable)
Stlth    +++.......             (no amulet)
HPRegen  0.07/turn              (ring currently unavailable)
MPRegen  0.08/turn              (ring currently unavailable)

@: bat-form, flying, very quick
A: tiny
a: no special abilities


You were on level 2 of the Dungeon.
You were hungry.
You were in bat-form.
You visited 1 branch of the dungeon, and saw 2 of its levels.

You collected 63 gold pieces.

Inventory:

Hand Weapons
 a - a +2 dagger (melded)
 b - a +0 blowgun
Missiles
 e - 8 poisoned needles
 f - 2 curare-tipped needles
 l - 7 silver tomahawks (quivered)
Armour
 c - a +0 robe (melded)
 d - a +0 cloak (melded)
Scrolls
 j - a scroll of identify {unknown}
 k - a scroll of remove curse {unknown}
 n - a scroll of teleportation {unknown}
Potions
 i - a potion of magic {unknown}
 m - 2 potions of curing {unknown}
Comestibles
 g - a ration


   Skills:
 + Level 2.1 Fighting
 + Level 2.0 Short Blades
 - Level 1.8 Throwing
 + Level 1.0 Dodging
 * Level 4.4 Stealth


You had one spell level left.
You didn't know any spells.
Your spell library was empty.

Dungeon Overview and Level Annotations

Branches:
Dungeon (2/15)

Altars:

Annotations:
D:2 Natasha


Innate Abilities, Weirdness & Mutations

((You have sharp toenails.))


Message History

You hit Natasha but do no damage. Natasha misses you.
You hit Natasha but do no damage. Natasha claws you!
* * * LOW HITPOINT WARNING * * *
You are too injured to fight recklessly!
You are too injured to fight recklessly!
You are too injured to fight recklessly!
You are too injured to fight recklessly!
You are too injured to fight recklessly!
You are too injured to fight recklessly!
You are too injured to fight recklessly!
You are too injured to fight recklessly!
You are too injured to fight recklessly!
You are too injured to fight recklessly!
You are too injured to fight recklessly!
You are too injured to fight recklessly!
Unknown command.
You hit Natasha.
Natasha is lightly wounded.
Natasha claws you!
You die...

### #######...
############........#
......<.............#
############........#
##...###.#
#..#####.#...
#....#..bhbb....
#......####.....
....###### ... ..#!.
. .... #). ##.


You could see Natasha and 2 bats.

Vanquished Creatures
  A leopard gecko (D:1)
  A giant cockroach (D:1)
  2 goblins
  A hobgoblin (D:1)
  3 jackals (D:1)
  11 frilled lizards (D:1)
  5 kobolds (D:1)
  4 rats
28 creatures vanquished.

Vanquished Creatures (others)
  2 plants (D:1)
2 creatures vanquished.

Grand Total: 30 creatures vanquished

Notes
Turn   | Place    | Note
-------+----------+-------------------------------------------
     0 | D:1      | Manul the Demonspawn Assassin began the quest for the Orb.
     0 | D:1      | Reached XP level 1. HP: 16/16 MP: 1/1
   170 | D:1      | Reached skill level 4 in Stealth
   188 | D:1      | Gained mutation: You have sharp toenails. [demonic
                  | ancestry]
   188 | D:1      | Reached XP level 2. HP: 10/22 MP: 2/2
   464 | D:1      | Reached skill level 1 in Dodging
  1088 | D:2      | Noticed Natasha
  1098 | D:2      | Mangled by Natasha

Vault maps used:
D:1:      co_arrival_square_in_a_square_in_a_square, minmay_lizard_king
D:2:      nicolae_qazlal_style_of_elements, uniq_natasha, uniq_jessica

Skill      XL: |  1  2 |
---------------+-------+-----
Stealth        | 4 |  4.4
Short Blades   | 2 |  2.0
Dodging        | 1 |  1.0
Fighting       | |  2.1
Throwing       | |  1.8

Action                   || total
-------------------------++-------
Melee: Dagger            ||    79
       Kick              ||    12
       Unarmed           ||     6
 Stab: Sleeping          ||     6
       Distracted        ||     1
Armor: Robe              ||    15
Dodge: Dodged            ||    54

Table legend:
 A = Non-vault XP
 B = Vault XP
 C = Vault XP percentage of total XP
 D = Non-vault monster count
 E = Vault monster count
 F = Vault count percentage of total count
                 A         B        C        D         E       F
            +---------+---------+-------+---------+---------+-------
      Total |      27 |      12 |  30.8 |      18 |      10 |  35.7
            +---------+---------+-------+---------+---------+-------
        D:1 |      24 |      12 |  33.3 |      16 |      10 |  38.5
        D:2 |       3 |       0 |   0.0 |       2 |       0 |   0.0
            +---------+---------+-------+---------+---------+-------
